 Dungeon Crawl Stone Soup version 0.28-a0-1429-gf3d713df7a (webtiles) character file.

Game seed: 829247961431099004

154 HallandMoats the Skirmisher (level 5, 0/46 HPs)
             Began as a Ghoul Fighter on Jan 9, 2022.
             Was a Follower of Ashenzari.
             Slain by Edmund (2 damage)
             ... on level 4 of the Dungeon.
             The game lasted 00:02:35 (2816 turns).

HallandMoats the Skirmisher (Ghoul Fighter)         Turns: 2816, Time: 00:02:37

Health: 0/46       AC:  7    Str: 20    XL:     5   Next: 36%
Magic:  5/5        EV:  9    Int:  5    God:    Ashenzari [*.....]
Gold:   187        SH:  4    Dex:  8    Spells: 4/4 levels left

rFire   . . .      SeeInvis .   a - +0 war axe
rCold   + . .      Faith    .   c - +0 buckler "Share My Incredulity" {Bglg, Comp} (curse)
rNeg    + + +      Spirit   .   b - +0 scale mail
rPois   ∞          Reflect  .   (no helmet)
rElec   .          Harm     .   (no cloak)
rCorr   .          Rampage  .   o - +0 pair of gloves "Lashed Fortune-Teller" {Range, Alch} (curse)
Will    .....                   (no boots)
Stlth   ..........              (no amulet)
HPRegen 0.00/turn               (no ring)
MPRegen 0.09/turn               (no ring)

@: mighty, inhibited regen, hasted, very quick
A: claws 1, cold resistance 1, negative energy resistance 3, inhibited
regeneration, torment resistance 2
a: Renounce Religion, Curse Item, Shatter the Chains


You were on level 4 of the Dungeon.
You worshipped Ashenzari.
Ashenzari was aware of your devotion.
You visited 1 branch of the dungeon, and saw 4 of its levels.

You collected 187 gold pieces.

Inventory:

Hand Weapons
 a - a +0 war axe (weapon)
Armour
 b - a +0 scale mail (worn)
 c - the cursed +0 buckler "Share My Incredulity" (worn) {Bglg, Comp}

   It has a curse which improves the following skills: Beguiling: Conjurations,
   Hexes and Translocations.
   Companions: Summonings and Necromancy.
 o - the cursed +0 pair of gloves "Lashed Fortune-Teller" (worn) {Range, Alch}
   (You found it on level 3 of the Dungeon)

   It has a curse which improves the following skills: Ranged Combat: Slings,
   Bows, Crossbows and Throwing.
   Alchemy:   Poison Magic and Transmutations.
Jewellery
 n - a ring of ice
Scrolls
 e - a scroll of blinking
 f - a scroll of enchant weapon
 j - 2 scrolls of magic mapping
 k - 2 scrolls of identify
 m - a scroll of silence
Potions
 d - a potion of might
 g - 2 potions of magic
 h - a potion of mutation
 l - a potion of degeneration
 p - 2 potions of heal wounds


   Skills:
 + Level 3.9 Fighting
 + Level 2.3 Axes
 + Level 3.1 Armour
 + Level 1.3 Dodging
 * Level 3.7 Shields
 + Level 1.8 Invocations


You had 4 spell levels left.
You didn't know any spells.
Your spell library contained the following spells:

 Spells                   Type           Power      Damage    Failure   Level
 Gell's Gravitas          Tloc           0%         N/A       99%         3
 Teleport Other           Tloc           0%         N/A       99%         3
 Dispersal                Tloc           0%         N/A       100%        6


Dungeon Overview and Level Annotations

Branches:
Dungeon (4/15)
 Temple: D:4-7

Altars:
Ashenzari
Yredelemnul
The Shining One

Annotations:
D:4 1 transporter, Edmund; rogsnak's ghost, novice GnWz


Innate Abilities, Weirdness & Mutations

You thrive by killing the living.
You are immune to poison.
You have sharp fingernails.
Your flesh is cold resistant. (rC+)
You are immune to negative energy. (rN+++)
You do not regenerate when monsters are visible.
You are immune to unholy pain and torment.


Message History

You feel yourself speed up.
You feel very mighty all of a sudden.
No reachable target in view!
No reachable target in view!
Edmund closely misses you.
You barely miss Edmund. You hit the plant.
The plant begins to die.
You slash the plant!
The plant begins to die.
Edmund hits you with a +2 vorpal dire flail.
You hit Edmund.
Edmund is lightly wounded.
You slash the plant! x2
Edmund hits you with a +2 vorpal dire flail.
You slash Edmund!
Edmund is heavily wounded.
You slash the plant! x2; Edmund barely misses you.
You barely miss Edmund.
Edmund is heavily wounded.
You slash the plant! x2; A nearby plant withers and dies. x2
Edmund barely misses you.
You barely miss Edmund.
Edmund is heavily wounded.
Edmund hits you but does no damage.
You closely miss Edmund.
Edmund is heavily wounded.
Edmund hits you with a +2 vorpal dire flail!
You are too injured to fight recklessly!
You are too injured to fight recklessly!
You are too injured to fight recklessly!
You hit Edmund.
Edmund is heavily wounded.
You slash Edmund!
Edmund is almost dead.
Edmund drinks a potion.
Edmund is healed!
You slash Edmund!
Edmund is almost dead.
Edmund hits you with a +2 vorpal dire flail!
* * * LOW HITPOINT WARNING * * *
x2 Edmund hits you with a +2 vorpal dire flail.
* * * LOW HITPOINT WARNING * * *
You die...

#(.# .........
#..###...PPPPPPP...#
#........PPPPPPP...
#.####........PP..#
##.####........PP..#
.........####..PP..#
......†.....#..PP..#
##..####.._.#....@.#
##.# #....#...@..#
#.# #...........#
#.# #.#..########
#.# #.#.## #.# ..#.#
#.# ####.# #.. ###


You could see Edmund.

Vanquished Creatures
  A water moccasin skeleton (D:4)
  5 adders
  3 worms
  6 ball pythons
  4 bats
  4 endoplasms
  3 giant cockroaches
  4 hobgoblins
  A quokka (D:1)
  A frilled lizard (D:2)
  11 goblins
  4 kobolds
  5 rats
  A spectral goblin (D:1)
53 creatures vanquished.

Vanquished Creatures (others)
  2 plants (D:4)
2 creatures vanquished.

Grand Total: 55 creatures vanquished

Notes
Turn   | Place    | Note
-------+----------+-------------------------------------------
     0 | D:1      | HallandMoats the Ghoul Fighter began the quest for the Orb.
     0 | D:1      | Reached XP level 1. HP: 19/19 MP: 0/0
    45 | D:1      | Found a faded altar of an unknown god.
    55 | D:1      | Prayed at the altar of an unknown god.
    55 | D:1      | Became a worshipper of Ashenzari the Shackled
   120 | D:1      | Reached XP level 2. HP: 26/26 MP: 1/1
   986 | D:2      | Reached XP level 3. HP: 30/31 MP: 2/2
  1103 | D:2      | Reached skill level 1 in Invocations
  1692 | D:3      | Reached XP level 4. HP: 39/40 MP: 3/3
  1833 | D:3      | Reached skill level 1 in Dodging
  2460 | D:3      | Reached * piety under Ashenzari
  2708 | D:4      | Reached XP level 5. HP: 42/46 MP: 5/5
  2755 | D:4      | Noticed rogsnak's ghost (novice GnWz)
  2770 | D:4      | Found a transporter.
  2790 | D:4      | Found a basalt altar of Yredelemnul.
  2801 | D:4      | Noticed Edmund
  2816 | D:4      | HP: 2/46 [Edmund (4)]
  2816 | D:4      | Slain by Edmund

Illustrated notes

Levels and vault maps discovered:
D:1:      saegor_arrival_simple_b, layout_basic,
          dreamdust_ecumenical_altar_drowned_temple
D:2:      layout_rooms
D:3:      kennysheep_the_goblin_king, layout_basic, marbit_many_paths
D:4:      black_bear_nest_1, layout_loops_ring, mainiacjoe_overflow_chevrons,
          evilmike_ruin_ashenzari, gammafunk_ghost_stat_death, uniq_edmund

Skill      XL: |  1  2  3  4 |
---------------+-------------+-----
Shields        | 3 |  3.7
Axes           | 2 |  2.3
Invocations    | 1 |  1.8
Armour         | 3 |  3.1
Dodging        | 1 |  1.3
Fighting       | |  3.9

Action                   |  1- 3 |  4- 6 || total
-------------------------+-------+-------++-------
Melee: War axe           |   113 |    54 ||   167
Invok: Curse Item        |     1 |     1 ||     2
  Use: Potion            |       |     2 ||     2
Armor: Scale mail        |    50 |    15 ||    65
Dodge: Dodged            |    48 |    26 ||    74
Block: Buckler           |    20 |     7 ||    27

Table legend: (Time is in decaauts)
 A = Elapsed time spent in this place.
 B = Non-inter-level travel time spent in this place.
 C = Inter-level travel time spent in this place.
 D = Time resting spent in this place.
 E = Time spent auto-exploring this place.
 F = Levels seen in this place.
 G = Mean time per level.
                   A        B        C        D        E       F      G
               +--------+--------+--------+--------+--------+-----+--------+
         Total |   2892 |   2825 |     67 |      0 |   2379 |   4 |  723.0 |
       Dungeon |   2892 |   2825 |     67 |      0 |   2379 |   4 |  723.0 |
               +--------+--------+--------+--------+--------+-----+--------+

Top non-repeatable levels by time:
     D:3: 1070 daAuts
     D:1: 946 daAuts
     D:2: 691 daAuts
     D:4: 184 daAuts
